PCL
SPOKANE TRAPPERS @ REDWOOD CITY REDWOODS
04/23/2028
 
TOP OF THE 1ST
Spokane Trappers batting - Pitching for Redwood City Redwoods : RHP Bill Peterson
Pitching: RHP Bill Peterson
Batting: RHB Enrique Mendoza 0-0: DOUBLE (Flyball, 78D)
Batting: LHB José Berroa 0-0: Called Strike
0-1: SINGLE (Flyball, 7S)
Enrique Mendoza to third
Batting: LHB Will Hill 0-0: Called Strike
0-1: Swinging Strike
0-2: Ground out 4-3 (Groundball, 34)
Enrique Mendoza scores
José Berroa to second
Batting: RHB Ramiro Ross 0-0: Ball
1-0: Ball
2-0: Foul Ball, location: 2F
2-1: Foul Ball, location: 2F
2-2: Strikes out swinging
Batting: LHB Alan Moore 0-0: Ground out 1-3 (Groundball, 15)
Top of the 1st over - 1 run(s), 2 hit(s), 0 error(s), 1 left on base; Spokane 1 - Redwood City 0
BOTTOM OF THE 1ST
Redwood City Redwoods batting - Pitching for Spokane Trappers : LHP Pedro Mata
Pitching: LHP Pedro Mata
Batting: LHB Mike Harris 0-0: Ball
1-0: Ball
2-0: Ground out 4-3 (Groundball, 34)
Batting: LHB Keith Green 0-0: Ground out 4-3 (Groundball, 4)
Batting: RHB Cheng-ho Qiao 0-0: Swinging Strike
0-1: Foul Ball, location: 2F
0-2: Ball
1-2: Strikes out looking
Bottom of the 1st over - 0 run(s), 0 hit(s), 0 error(s), 0 left on base; Spokane 1 - Redwood City 0
TOP OF THE 2ND
Spokane Trappers batting - Pitching for Redwood City Redwoods : RHP Bill Peterson
Batting: RHB Trent Rasmussen 0-0: Ball
1-0: SOLO HOME RUN (Flyball, 7D), Distance : 364 ft
Batting: RHB Clyde Kelley 0-0: Ball
1-0: Ground out 5-3 (Groundball, 5L)
Batting: RHB Sergio Solíz 0-0: Ball
1-0: SINGLE (Groundball, 4S) (infield hit)
Batting: LHB Jaime Padilla 0-0: Called Strike
Sergio Solíz steals 2nd base
0-1: Ground out 6-3 (Groundball, 6M)
Sergio Solíz to third
Batting: RHB Enrique Mendoza 0-0: Ball
1-0: Fly out, F4 (Line Drive, 4M)
Top of the 2nd over - 1 run(s), 2 hit(s), 0 error(s), 1 left on base; Spokane 2 - Redwood City 0
BOTTOM OF THE 2ND
Redwood City Redwoods batting - Pitching for Spokane Trappers : LHP Pedro Mata
Batting: RHB Juan Robles 0-0: Swinging Strike
0-1: Ball
1-1: Ground out 4-3 (Groundball, 4)
Batting: RHB Jesús Cuevas 0-0: Ball
1-0: SINGLE (Groundball, 34D)
Batting: LHB Bill McCraney 0-0: Ball
1-0: Swinging Strike
1-1: Grounds into double play, 4-6-3 (Groundball, 4M)
Bottom of the 2nd over - 0 run(s), 1 hit(s), 0 error(s), 0 left on base; Spokane 2 - Redwood City 0
TOP OF THE 3RD
Spokane Trappers batting - Pitching for Redwood City Redwoods : RHP Bill Peterson
Batting: LHB José Berroa 0-0: Called Strike
0-1: Called Strike
0-2: Ball
1-2: Foul Ball, location: 2F
1-2: Ball
2-2: Ball
3-2: Strikes out swinging
Batting: LHB Will Hill 0-0: Called Strike
0-1: Foul Ball, location: 2F
0-2: Strikes out swinging
Batting: RHB Ramiro Ross 0-0: Called Strike
0-1: Foul Ball, location: 2F
0-2: Foul Ball, location: 2F
0-2: Ball
1-2: Ball
2-2: Ball
3-2: Base on Balls
Batting: LHB Alan Moore 0-0: Called Strike
0-1: Ball
1-1: SINGLE (Groundball, 4MD)
Ramiro Ross to second
Batting: RHB Trent Rasmussen 0-0: Called Strike
0-1: Ball
1-1: Fly out, F6 (Popup, 56D)
Top of the 3rd over - 0 run(s), 1 hit(s), 0 error(s), 2 left on base; Spokane 2 - Redwood City 0
BOTTOM OF THE 3RD
Redwood City Redwoods batting - Pitching for Spokane Trappers : LHP Pedro Mata
Batting: LHB Patrick Bright 0-0: Ball
1-0: Ball
2-0: SINGLE (Flyball, 7S)
Batting: RHB Luis Ramírez 0-0: SINGLE (Line Drive, 7LS)
Patrick Bright to second
Batting: RHB Keitaro Suzuki 0-0: Swinging Strike
0-1: Swinging Strike
0-2: Ball
1-2: Strikes out looking
Batting: LHB Mike Harris 0-0: Ball
1-0: Ball
2-0: Swinging Strike
2-1: Fielders Choice at 2nd, 1-6 (Groundball, 13S)
Patrick Bright to third
Batting: LHB Keith Green 0-0: Ball
1-0: Swinging Strike
1-1: Ball
2-1: Called Strike
Mike Harris is caught stealing 2nd base
Bottom of the 3rd over - 0 run(s), 2 hit(s), 0 error(s), 0 left on base; Spokane 2 - Redwood City 0
TOP OF THE 4TH
Spokane Trappers batting - Pitching for Redwood City Redwoods : RHP Bill Peterson
Batting: RHB Clyde Kelley 0-0: Ball
1-0: DOUBLE (Line Drive, 8LXD)
Batting: RHB Sergio Solíz 0-0: Hit by Pitch
Batting: LHB Jaime Padilla 0-0: Called Strike
0-1: Swinging Strike
0-2: Strikes out swinging
Batting: RHB Enrique Mendoza 0-0: Called Strike
0-1: Grounds into double play, 6-4-3 (Groundball, 6)
Top of the 4th over - 0 run(s), 1 hit(s), 0 error(s), 1 left on base; Spokane 2 - Redwood City 0
BOTTOM OF THE 4TH
Redwood City Redwoods batting - Pitching for Spokane Trappers : LHP Pedro Mata
Batting: LHB Keith Green 0-0: Ball
1-0: Ball
2-0: Foul Ball, location: 2F
2-1: Foul Ball, location: 2F
2-2: SINGLE (Flyball, 7S)
Batting: RHB Cheng-ho Qiao 0-0: Ball
1-0: Ball
2-0: Called Strike
2-1: Ball
3-1: Foul Ball, location: 2F
3-2: SINGLE (Flyball, 89S)
Keith Green to second
Runner from 2nd tries for 3rd, SAFE, throw made to third
Batting: RHB Juan Robles 0-0: Called Strike
0-1: Foul Ball, location: 2F
0-2: Ball
1-2: Ball
2-2: Fly out, F8 (Flyball, 8LS)
Runner from 3rd tags up, SCORES, no throw
Batting: RHB Jesús Cuevas 0-0: Ball
1-0: Called Strike
1-1: 2-RUN HOME RUN (Flyball, 7D), Distance : 370 ft
Batting: LHB Bill McCraney 0-0: SINGLE (Line Drive, 8LS)
Batting: LHB Patrick Bright 0-0: Ball
1-0: Ball
2-0: Ball
3-0: Called Strike
3-1: Base on Balls
Bill McCraney to second
Batting: RHB Luis Ramírez 0-0: Called Strike
0-1: Ball
1-1: Ball
2-1: SINGLE (Groundball, 34D)
Bill McCraney to third
Patrick Bright to second
Batting: RHB Keitaro Suzuki 0-0: Ball
1-0: Called Strike
1-1: Ball
2-1: Foul Ball, location: 2F
2-2: SINGLE (Line Drive, 4MD)
Bill McCraney scores
Patrick Bright to third
Luis Ramírez to second
Runner from 3rd tries for Home, SAFE, throw made home
Luis Ramírez to third
Keitaro Suzuki to second
Batting: LHB Mike Harris 0-0: Ball
1-0: Ball
2-0: SINGLE (Flyball, 8LS)
Luis Ramírez scores
Keitaro Suzuki to third
Runner from 3rd tries for Home, SAFE, throw made home
Mike Harris to second
Pitching: RHP Marcos Rivera
Batting: LHB Keith Green 0-0: Ball
1-0: Foul Ball, location: 2F
1-1: Ball
2-1: Called Strike
2-2: SINGLE (Line Drive, 4M)
Mike Harris to third
Batting: RHB Cheng-ho Qiao 0-0: Called Strike
0-1: Ball
1-1: Ball
2-1: Swinging Strike
2-2: Grounds into double play, 6-4-3 (Groundball, 56)
Bottom of the 4th over - 7 run(s), 8 hit(s), 0 error(s), 1 left on base; Spokane 2 - Redwood City 7
TOP OF THE 5TH
Spokane Trappers batting - Pitching for Redwood City Redwoods : RHP Bill Peterson
Batting: LHB José Berroa 0-0: Called Strike
0-1: Ball
1-1: Ball
2-1: SINGLE (Groundball, 56S) (infield hit)
Pinch Runner at 1st Rob Schmidt:
Batting: LHB Will Hill 0-0: Called Strike
0-1: SINGLE (Flyball, 89S)
Rob Schmidt to second
Runner from 2nd tries for 3rd, SAFE, throw made to third
Batting: RHB Ramiro Ross 0-0: Ball
1-0: Foul Ball, location: 2F
1-1: Foul Ball, location: 2F
1-2: Ball
2-2: Foul Ball, location: 2F
2-2: Ball
3-2: Strikes out swinging
Batting: LHB Alan Moore 0-0: Called Strike
0-1: Called Strike
0-2: Ball
1-2: Ball
2-2: Grounds into double play, 4-6-3 (Groundball, 34)
Top of the 5th over - 0 run(s), 2 hit(s), 0 error(s), 1 left on base; Spokane 2 - Redwood City 7
BOTTOM OF THE 5TH
Redwood City Redwoods batting - Pitching for Spokane Trappers : RHP Marcos Rivera
Now in RF: Rob Schmidt
Batting: RHB Juan Robles 0-0: Ball
1-0: Called Strike
1-1: Ground out 5-3 (Groundball, 56)
Batting: RHB Jesús Cuevas 0-0: Foul Ball, location: 2F
0-1: Ball
1-1: Foul Ball, location: 2F
1-2: Foul Ball, location: 2F
1-2: Ball
2-2: Ball
3-2: DOUBLE (Line Drive, 7LM)
Batting: LHB Bill McCraney 0-0: Ball
1-0: Ball
Wild Pitch!
Jesús Cuevas to third
2-0: Swinging Strike
2-1: Called Strike
2-2: Foul Ball, location: 2F
2-2: Ball
3-2: Foul Ball, location: 2F
3-2: Base on Balls
Batting: LHB Patrick Bright 0-0: Called Strike
0-1: Fly out, F7 (Flyball, 7LMF)
Runner from 3rd tags up, SCORES, no throw
Batting: RHB Luis Ramírez 0-0: Foul Ball, location: 2F
0-1: Called Strike
0-2: Ball
1-2: Foul Ball, location: 2F
1-2: SINGLE (Groundball, 34D)
Bill McCraney to second
Runner from 2nd tries for 3rd, SAFE, throw made to third
Batting: RHB Keitaro Suzuki 0-0: Called Strike
0-1: Ball
1-1: Fly out, F9 (Flyball, 9LSF)
Bottom of the 5th over - 1 run(s), 2 hit(s), 0 error(s), 2 left on base; Spokane 2 - Redwood City 8
TOP OF THE 6TH
Spokane Trappers batting - Pitching for Redwood City Redwoods : RHP Bill Peterson
Batting: RHB Trent Rasmussen 0-0: Foul Ball, location: 2F
0-1: SINGLE (Line Drive, 9S)
Batting: RHB Clyde Kelley 0-0: Ball
1-0: Called Strike
1-1: Ball
2-1: Foul Ball, location: 2F
2-2: Strikes out looking
Batting: RHB Sergio Solíz 0-0: Ball
1-0: Ball
2-0: Ball
3-0: Called Strike
3-1: Called Strike
3-2: Strikes out swinging
Batting: LHB Jaime Padilla 0-0: Ground out 3-1 (Groundball, 34S)
Top of the 6th over - 0 run(s), 1 hit(s), 0 error(s), 1 left on base; Spokane 2 - Redwood City 8
BOTTOM OF THE 6TH
Redwood City Redwoods batting - Pitching for Spokane Trappers : RHP Marcos Rivera
Batting: LHB Mike Harris 0-0: Ball
1-0: Fly out, F4 (Popup, 34D)
Batting: LHB Keith Green 0-0: Ball
1-0: Ball
2-0: Foul Ball, location: 2F
2-1: Foul Ball, location: 2F
2-2: Foul Ball, location: 2F
2-2: Foul Ball, location: 2F
2-2: Ball
3-2: Base on Balls
Batting: RHB Cheng-ho Qiao 0-0: Ball
1-0: Swinging Strike
1-1: Ball
2-1: Swinging Strike
2-2: Ball
3-2: Foul Ball, location: 2F
3-2: Foul Ball, location: 2F
3-2: Strikes out swinging
Batting: RHB Juan Robles 0-0: Called Strike
0-1: Foul Ball, location: 2F
0-2: Foul Ball, location: 2F
0-2: Ball
1-2: Foul Ball, location: 2F
1-2: Fly out, F7 (Flyball, 7LS)
Bottom of the 6th over - 0 run(s), 0 hit(s), 0 error(s), 1 left on base; Spokane 2 - Redwood City 8
TOP OF THE 7TH
Spokane Trappers batting - Pitching for Redwood City Redwoods : RHP Bill Peterson
Batting: RHB Enrique Mendoza 0-0: Ball
1-0: Foul Ball, location: 2F
1-1: Ball
2-1: Foul Ball, location: 2F
2-2: Ball
3-2: Base on Balls
Pitching: RHP José Gusmán
Batting: RHB Rob Schmidt 0-0: Called Strike
0-1: Ball
1-1: Ball
2-1: Swinging Strike
2-2: Ball
3-2: Foul Ball, location: 2F
3-2: Foul Ball, location: 2F
3-2: Strikes out swinging
Enrique Mendoza is caught stealing 2nd base
Batter strikes out.
Batting: LHB Will Hill 0-0: Ball
1-0: Swinging Strike
1-1: Fly out, F8 (Flyball, 8LM)
Top of the 7th over - 0 run(s), 0 hit(s), 0 error(s), 0 left on base; Spokane 2 - Redwood City 8
BOTTOM OF THE 7TH
Redwood City Redwoods batting - Pitching for Spokane Trappers : RHP Marcos Rivera
Pitching: RHP Mark Tidwell
Batting: RHB Jesús Cuevas 0-0: Ball
1-0: Ball
2-0: Called Strike
2-1: Ball
3-1: Foul Ball, location: 2F
3-2: Strikes out swinging
Batting: LHB Bill McCraney 0-0: Foul Ball, location: 2F
0-1: Swinging Strike
0-2: Ball
1-2: Foul Ball, location: 2F
1-2: Strikes out looking
Batting: LHB Patrick Bright 0-0: Ball
1-0: SOLO HOME RUN (Flyball, 89XD), Distance : 388 ft
Batting: RHB Luis Ramírez 0-0: Called Strike
0-1: Ball
1-1: Ball
2-1: SINGLE (Line Drive, 3D)
Batting: RHB Keitaro Suzuki 0-0: SINGLE (Line Drive, 6M)
Luis Ramírez to second
Batting: LHB Mike Harris 0-0: Fly out, F6 (Popup, 6)
Bottom of the 7th over - 1 run(s), 3 hit(s), 0 error(s), 2 left on base; Spokane 2 - Redwood City 9
TOP OF THE 8TH
Spokane Trappers batting - Pitching for Redwood City Redwoods : RHP José Gusmán
Batting: RHB Ramiro Ross 0-0: Foul Ball, location: 2F
0-1: Foul Ball, location: 2F
0-2: Strikes out swinging
Batting: LHB Alan Moore 0-0: Ball
1-0: Fly out, F7 (Flyball, 78XD)
Batting: RHB Trent Rasmussen 0-0: Fly out, F6 (Line Drive, 56)
Top of the 8th over - 0 run(s), 0 hit(s), 0 error(s), 0 left on base; Spokane 2 - Redwood City 9
BOTTOM OF THE 8TH
Redwood City Redwoods batting - Pitching for Spokane Trappers : RHP Mark Tidwell
Batting: LHB Keith Green 0-0: Ball
1-0: Called Strike
1-1: Ball
2-1: Fly out, F8 (Flyball, 78M)
Batting: RHB Cheng-ho Qiao 0-0: Ball
1-0: Fly out, F2 (Popup, 2L)
Batting: RHB Juan Robles 0-0: Ball
1-0: Called Strike
1-1: Ball
2-1: Called Strike
2-2: Ball
3-2: Fly out, F6 (Line Drive, 6)
Bottom of the 8th over - 0 run(s), 0 hit(s), 0 error(s), 0 left on base; Spokane 2 - Redwood City 9
TOP OF THE 9TH
Spokane Trappers batting - Pitching for Redwood City Redwoods : RHP José Gusmán
Now at 1B: Carlos Gonzáles
Batting: RHB Clyde Kelley 0-0: Called Strike
0-1: Foul Ball, location: 2F
0-2: Ball
1-2: DOUBLE (Line Drive, 78XD)
Batting: RHB Sergio Solíz 0-0: Ball
1-0: Called Strike
1-1: Foul Ball, location: 2F
1-2: Strikes out swinging
Batting: LHB Jaime Padilla 0-0: Ball
1-0: Foul Ball, location: 2F
1-1: Swinging Strike
1-2: Strikes out swinging
Batting: RHB Enrique Mendoza 0-0: Called Strike
0-1: Ball
1-1: Ball
2-1: SINGLE (Flyball, 78S)
Clyde Kelley to third
Runner from 3rd tries for Home, SAFE, no throw
Batting: RHB Rob Schmidt 0-0: Called Strike
0-1: Ball
1-1: Ball
2-1: Ball
3-1: Base on Balls
Enrique Mendoza to second
Batting: LHB Will Hill 0-0: Ball
1-0: Foul Ball, location: 2F
1-1: Called Strike
1-2: Fly out, F7 (Flyball, 78M)
Top of the 9th over - 1 run(s), 2 hit(s), 0 error(s), 2 left on base; Spokane 3 - Redwood City 9
Tuesday, August 8th, 2017 - OOTP Baseball 17.12 Build 75